AoeStats
← rosssmith95

Nomad

503907851Analyzed
3v3 RM · 29d ago on Sep 3, 2026· 63m 33s· 6 players
Game mode
Random Map
Map size
210×210
Population
200
Speed
Normal
Resources
Standard
Victory
Conquest
Starting age
Dark Age
Ending age
Imperial Age
RankedLock teamsTeams togetherTeam positionsShared explorationLock speedFull tech treeHidden civsTurbo modeCheats
Victory
Defeat
🇫🇷 Persians · France
1102
+17
🇧🇪 Cumans · Belgium
1072
+20
🇨🇦 Britons · Canada
1064
+19
🇵🇪 Huns · Peru
1141
-19
🇵🇪 Mongols · Peru
1139
-19
🇧🇷 Vietnamese · Brazil
1122
-18
rosssmith95
6:37 Loom
14:32 Feudal Age
22:37 Wheelbarrow
27:20 Castle Age
25:33 Fletching
27:58 Bodkin Arrow
27:26 Crossbowman
28:09 Pikeman
37:00 Hand Cart
48:36 Horse Collar
53:50 Gold Mining
56:57 Gold Shaft Mining
60:57 Imperial Age
59:05 Hand Cart
62:10 Caravan
64:06 Yeomen
64:08 Conscription
63:54 Padded Archer Armor
Bropen
7:58 Loom
12:30 Feudal Age
13:12 Double-Bit Axe
14:39 Horse Collar
15:30 Horse Collar
19:55 Scale Barding Armor
23:37 Forging
27:50 Castle Age
27:15 Fletching
27:42 Padded Archer Armor
28:23 Wheelbarrow
33:09 Bow Saw
33:51 Stone Mining
34:10 Elite Skirmisher
35:44 Herbal Medicine
36:04 Thumb Ring
38:22 Hand Cart
38:35 Kamandaran
38:42 Gold Mining
39:24 Ballistics
38:27 Crossbowman
40:04 Bodkin Arrow
41:03 Husbandry
41:13 Bloodlines
41:30 Town Watch
42:56 Chain Barding Armor
42:52 Leather Archer Armor
43:51 Iron Casting
43:28 Masonry
43:21 Light Cavalry
47:41 Imperial Age
45:36 Fervor
45:27 Devotion
48:58 Ring Archer Armor
48:08 Cavalier
49:24 Plate Barding Armor
49:50 Blast Furnace
49:48 Conscription
49:43 Citadels
50:04 Savar
53:15 Chemistry
53:36 Two-Man Saw
52:39 Heavy Plow
53:37 Caravan
56:16 Hussar
59:47 Block Printing
61:23 Town Patrol
Racletteduterter
4:29 Loom
14:30 Feudal Age
16:48 Wheelbarrow
17:17 Double-Bit Axe
18:59 Fishing Lines
20:02 Bloodlines
22:36 Scale Mail Armor
25:15 Scale Barding Armor
28:58 Castle Age
27:42 Forging
27:52 Horse Collar
29:56 Hand Cart
29:04 Light Cavalry
32:54 Chain Mail Armor
32:59 Chain Barding Armor
33:34 Capped Ram
38:13 Bow Saw
38:05 Heavy Plow
39:44 Steppe Husbandry
41:02 Iron Casting
40:18 Fletching
40:28 Padded Archer Armor
43:01 Imperial Age
40:32 Gold Mining
40:34 Stone Mining
43:08 Bodkin Arrow
43:07 Gillnets
43:42 Hussar
45:24 Conscription
47:38 Blast Furnace
47:21 Plate Barding Armor
47:45 Elite Kipchak
52:25 Leather Archer Armor
52:23 Onager
54:37 Ballistics
55:17 Chemistry
53:52 Cavalier
56:28 Paladin
59:18 Hoardings
61:38 Murder Holes
61:53 Masonry
AxlJ_23
9:36 Loom
15:45 Feudal Age
20:19 Castle Age
19:59 Double-Bit Axe
20:33 Fletching
20:45 Padded Archer Armor
21:44 Wheelbarrow
23:08 Gold Mining
23:38 Horse Collar
26:01 Town Watch
26:41 Bodkin Arrow
27:37 Bow Saw
27:22 Stone Mining
28:40 Leather Archer Armor
29:29 Elite Skirmisher
34:10 Imperial Age
32:39 Ballistics
34:37 Onager
36:22 Chemistry
34:46 Imperial Skirmisher
36:54 Ring Archer Armor
36:02 Crossbowman
38:10 Bracer
40:19 Elite Rattan Archer
45:47 Paper Money
50:31 Hoardings
luisbch9
4:09 Loom
13:45 Feudal Age
24:03 Castle Age
28:31 Fletching
32:27 Double-Bit Axe
35:09 Town Watch
41:17 Wheelbarrow
42:00 Scale Barding Armor
42:07 Scale Mail Armor
43:27 Chain Mail Armor
44:29 Forging
46:28 Bloodlines
49:00 Nomads
50:54 Murder Holes
51:11 Masonry
51:49 Bodkin Arrow
55:46 Imperial Age
53:53 Padded Archer Armor
56:37 Bow Saw
59:42 Conscription
60:05 Bracer
61:22 Chemistry
60:45 Ballistics
61:25 Leather Archer Armor
61:54 Husbandry
alcohol_free
6:29 Loom
13:20 Feudal Age
15:44 Arson
16:47 Man-at-Arms
17:24 Fletching
17:44 Forging
26:45 Castle Age
26:32 Bloodlines
28:12 Husbandry
28:23 Bodkin Arrow
31:39 Wheelbarrow
32:39 Padded Archer Armor
32:46 Scale Barding Armor
44:31 Imperial Age
42:59 Iron Casting
45:38 Conscription
45:22 Cavalier
52:06 Blast Furnace
51:28 Chain Barding Armor
54:31 Plate Barding Armor
54:54 Paladin
60:16 Bracer
59:57 Elite Skirmisher
61:07 Pikeman
62:10 Squires
62:13 Scale Mail Armor
61:52 Halberdier
Connection lost

Rejoining the realm…

Still unreachable

The connection could not be restored.

Session expired

The server has moved on; the page needs a fresh start.